 Dungeon Crawl Stone Soup version 0.30-a0-1018-g25214051b3 (webtiles) character file.

Game seed: 14666915272797128689

63 holysushi the Shooter (level 4, -3/20 (34) HPs)
             Began as a Barachi Hunter on Apr 7, 2023.
             Killed from afar by an orc wizard (9 damage)
             ... with a magic dart
             ... on level 3 of the Dungeon.
             The game lasted 00:01:14 (1471 turns).

holysushi the Shooter (Barachi Hunter)              Turns: 1471, Time: 00:01:14

HP:   -3/20 (34)    AC:  3    Str: 12    XL:     4   Next: 10%
MP:   4/4           EV: 12    Int: 10    God:
Gold: 80            SH:  0    Dex: 17    Spells: 3/3 levels left

rFire   . . .      SeeInvis .    a - +0 shortbow
rCold   . . .      Faith    .    (shield currently unavailable)
rNeg    . . .      Spirit   .    c - +0 leather armour
rPois   .          Reflect  .    (no helmet)
rElec   .          Rampage  .    (no cloak)
rCorr   .                        (no gloves)
Will    .....                    (no boots)
Stlth   ++                       (no amulet)
HPRegen 0.23/turn                (no ring)
MPRegen 0.09/turn                (no ring)

@: very heavily drained, slow
A: amphibious, slowness 1, strong legs 1, +LOS
a: Hop


You were on level 3 of the Dungeon.
You visited 1 branch of the dungeon, and saw 3 of its levels.

You collected 80 gold pieces.

Inventory:

Hand Weapons
 a - a +0 shortbow (weapon)
Armour
 c - a +0 leather armour (worn)
Scrolls
 b - 2 scrolls of immolation
 e - a scroll of poison {unknown}
 h - 2 scrolls of identify {unknown}


   Skills:
 - Level 2.4 Fighting
 + Level 5.5 Ranged Weapons
 - Level 2.1 Dodging
 - Level 0.8 Stealth


You had 3 spell levels left.
You didn't know any spells.
Your spell library was empty.

Dungeon Overview and Level Annotations

Branches:
Dungeon (3/15) Zot: 16277

Altars:

Annotations:
D:2 Sigmund


Innate Abilities, Weirdness & Mutations

You are amphibious.
You cover ground slowly.
You can hop short distances.
You have an extended range of vision and can be seen from far away.


Message History

The orc throws a boomerang.
Something hits you.
You feel drained.
You shoot an arrow. The arrow closely misses the orc.
Something hits you but does no damage.
You feel drained.
You shoot an arrow. The arrow hits the orc.
The orc is lightly wounded.
Something hits you.
You feel drained.
You shoot an arrow. Something hits you but does no damage.
You feel drained.
You shoot an arrow. The arrow hits the orc!
You kill the orc!
No target in view!
No target in view!
You hear some strange, mumbled words.
You are confused.
Something hits you.
You feel drained.
You bump into the rock wall.
Something hits you.
You feel drained.
You clumsily bash something but do no damage.
Something hits you.
You feel drained. Something hits you.
You feel drained.
You bump into the rock wall.
Something hits you.
You feel drained.
You are too confused!
Unknown command.
It was a potion of flight.
You feel very buoyant.
You fly up into the air.
You feel less confused. Something hits you.
You feel drained.
It was a potion of haste.
You feel yourself speed up. Something hits you.
You feel drained.
It was a potion of cancellation.
Your magical effects are unravelling.
You feel magically purged.
You feel yourself slow down.
You float gracefully downwards.
Something hits you.
* * * LOW HITPOINT WARNING * * *
You feel drained. Something hits you.
* * * LOW HITPOINT WARNING * * *
You feel drained.
A magic dart appears from out of thin air!
The magic dart hits you!
You die...

.........#...# #.#
.............# #.#
.....###.##..# #.#
.............#####.# .
.#.................# ###...
.###..............####)......
.# #........###..{..)...)....
.# #.......## ##.#####....<..
.# #.......# #@# ###... .#
#.......# ###.# # .#
######### #...# .###### #.###
......# #.# ..###.########.#
....#.##.......#
#.#.#......##### #.#.#..###.#


There were no monsters in sight!

Vanquished Creatures
  2 adders (D:2)
  3 dart slugs
  3 orcs (D:3)
  9 ball pythons
  An endoplasm (D:1)
  2 goblins
  3 hobgoblins
  2 kobolds (D:3)
  3 quokkas (D:1)
  3 bats
  2 frilled lizards
  3 rats (D:1)
36 creatures vanquished.

Notes
Turn   | Place    | Note
-------+----------+-------------------------------------------
     0 | D:1      | holysushi the Barachi Hunter began the quest for the Orb.
     0 | D:1      | Reached XP level 1. HP: 17/17 MP: 1/1
   362 | D:1      | Reached XP level 2. HP: 23/23 MP: 2/2
   617 | D:1      | Reached XP level 3. HP: 26/28 MP: 3/3
  1011 | D:2      | Reached skill level 5 in Ranged Weapons
  1036 | D:2      | Noticed Sigmund
  1406 | D:3      | Reached XP level 4. HP: 34/34 MP: 4/4
  1471 | D:3      | Killed from afar by an orc wizard

Illustrated notes

Levels and vault maps discovered:
D:1:      dpeg_arrival_rhombi, layout_basic
D:2:      layout_rooms, minivault_14, minmay_pentomino_pile, uniq_sigmund
D:3:      layout_loops_cross, shapermc_ecumenical_altar_petra,
          minmay_misc_feat_rugged, minmay_misc_feat_square, amethyst_killhole

Skill      XL: |  1  2  3 |
---------------+----------+-----
Ranged Weapons | 5 |  5.5
Fighting       | |  2.4
Dodging        | |  2.1
Stealth        | |  0.8

Action                     |  1- 3 |  4- 6 || total
---------------------------+-------+-------++-------
  Melee: Shortbow          |       |     1 ||     1
   Fire: Shortbow          |   101 |    12 ||   113
Ability: Hop               |     1 |       ||     1
    Use: Potion            |       |     3 ||     3
 Armour: Leather armour    |    14 |     3 ||    17
  Dodge: Dodged            |    42 |     4 ||    46

Table legend: (Time is in decaauts)
 A = Elapsed time spent in this place.
 B = Non-inter-level travel time spent in this place.
 C = Inter-level travel time spent in this place.
 D = Time resting spent in this place.
 E = Time spent auto-exploring this place.
 F = Levels seen in this place.
 G = Mean time per level.
                   A        B        C        D        E       F      G
               +--------+--------+--------+--------+--------+-----+--------+
         Total |   1721 |   1592 |    129 |    133 |   1218 |   3 |  573.7 |
       Dungeon |   1721 |   1592 |    129 |    133 |   1218 |   3 |  573.7 |
               +--------+--------+--------+--------+--------+-----+--------+

Top non-repeatable levels by time:
     D:1: 1249 daAuts
     D:3: 274 daAuts
     D:2: 197 daAuts
